PIO (24 & UNDER)
JASPER COUGARS @ SURREY SINNERS
06/30/2027
 
TOP OF THE 1ST
Jasper Cougars batting - Pitching for Surrey Sinners : LHP Sebastián Cervantes
Pitching: LHP Sebastián Cervantes
Batting: LHB David Adams 0-0: Ball
1-0: Swinging Strike
1-1: Ball
2-1: Ball
3-1: Called Strike
3-2: Base on Balls
Batting: RHB Ron Elazar 0-0: Ball
1-0: Ball
2-0: Foul Ball, location: 2F
2-1: Foul Ball, location: 2F
2-2: Foul Ball, location: 2F
2-2: Ball
3-2: Foul Ball, location: 2F
3-2: Foul Ball, location: 2F
3-2: Strikes out swinging
Batting: LHB António Camacho 0-0: Foul Ball, location: 2F
0-1: Ball
1-1: Grounds into double play, 6-4-3 (Groundball, 56)
Top of the 1st over - 0 run(s), 0 hit(s), 0 error(s), 0 left on base; Jasper 0 - Surrey 0
BOTTOM OF THE 1ST
Surrey Sinners batting - Pitching for Jasper Cougars : RHP Juan Arreola
Pitching: RHP Juan Arreola
Batting: RHB Clint Younger 0-0: SINGLE (Flyball, 78S)
Batting: LHB Jorge Martínez 0-0: Ball
1-0: Ball
2-0: Ball
3-0: Base on Balls
Clint Younger to second
Batting: LHB Randy Wiggins 0-0: Called Strike
0-1: Ball
1-1: Called Strike
Clint Younger steals 3rd base
Jorge Martínez to second
1-2: Fly out, F8 (Flyball, 8RD)
Runner from 3rd tags up, SCORES, no throw
Jorge Martínez to third
Batting: LHB Juan Hinojosa 0-0: Called Strike
0-1: Called Strike
0-2: Strikes out looking
Batting: LHB Iván Espinosa 0-0: TRIPLE (Flyball, 78XD)
Jorge Martínez scores
Batting: LHB José Blanco 0-0: Swinging Strike
0-1: Ball
1-1: Ground out 1-3 (Groundball, 15)
Bottom of the 1st over - 2 run(s), 2 hit(s), 0 error(s), 1 left on base; Jasper 0 - Surrey 2
TOP OF THE 2ND
Jasper Cougars batting - Pitching for Surrey Sinners : LHP Sebastián Cervantes
Batting: RHB Charles Lewis 0-0: Ball
1-0: Ground out 5-3 (Groundball, 56S)
Batting: SHB Rafael Acosta 0-0: Ball
1-0: SINGLE (Line Drive, 56D)
Batting: LHB John Stone 0-0: Ball
1-0: Foul Ball, location: 2F
1-1: Reached on error, E4 (Groundball, 4)
Rafael Acosta to second
Batting: LHB Jon Scott 0-0: Foul Ball, location: 2F
0-1: Grounds into double play, 4-6-3 (Groundball, 4)
Top of the 2nd over - 0 run(s), 1 hit(s), 1 error(s), 1 left on base; Jasper 0 - Surrey 2
BOTTOM OF THE 2ND
Surrey Sinners batting - Pitching for Jasper Cougars : RHP Juan Arreola
Batting: SHB Norberto Muńóz 0-0: DOUBLE (Line Drive, 78S)
Batting: LHB Robert Atkins 0-0: Ball
1-0: Foul Ball, location: 2F
1-1: Ground out 6-3 (Groundball, 6)
Batting: LHB Francisco Chavero 0-0: Called Strike
Balk!
Norberto Muńóz to third
0-1: Swinging Strike
0-2: Foul Ball, location: 2F
0-2: Strikes out looking
Batting: RHB Clint Younger 0-0: Foul Ball, location: 2F
0-1: Ground out 5-3 (Groundball, 56)
Bottom of the 2nd over - 0 run(s), 1 hit(s), 0 error(s), 1 left on base; Jasper 0 - Surrey 2
TOP OF THE 3RD
Jasper Cougars batting - Pitching for Surrey Sinners : LHP Sebastián Cervantes
Batting: LHB Jon Rogers 0-0: Swinging Strike
0-1: Swinging Strike
0-2: Ball
1-2: Strikes out swinging, 2-3 out at first.
Batting: RHB Juan Carlos 0-0: Fly out, F4 (Popup, 4D)
Batting: LHB David Adams 0-0: Ball
1-0: Swinging Strike
1-1: Foul Ball, location: 2F
1-2: Ball
2-2: Strikes out looking
Top of the 3rd over - 0 run(s), 0 hit(s), 0 error(s), 0 left on base; Jasper 0 - Surrey 2
BOTTOM OF THE 3RD
Surrey Sinners batting - Pitching for Jasper Cougars : RHP Juan Arreola
Batting: LHB Jorge Martínez 0-0: Foul Ball, location: 2F
0-1: Swinging Strike
0-2: Foul Ball, location: 2F
0-2: Ball
1-2: Foul Ball, location: 2F
1-2: Ball
2-2: Foul Ball, location: 2F
2-2: Ball
3-2: Base on Balls
Batting: LHB Randy Wiggins 0-0: Ball
Throwing error on steal attempt, E2
Jorge Martínez to third
1-0: SINGLE (Line Drive, 78S)
Jorge Martínez scores
Batting: LHB Juan Hinojosa 0-0: Ball
1-0: Foul Ball, location: 2F
1-1: Ball
2-1: Ball
3-1: Swinging Strike
3-2: Fly out, F7 (Flyball, 78M)
Batting: LHB Iván Espinosa 0-0: Ball
1-0: Hit by Pitch
Randy Wiggins to second
Batting: LHB José Blanco 0-0: Ball
1-0: DOUBLE (Groundball, 3L)
Randy Wiggins scores
Iván Espinosa to third
Batting: SHB Norberto Muńóz 0-0: Ball
1-0: Fly out, F9 (Flyball, 9S)
Batting: LHB Robert Atkins 0-0: Fly out, F9 (Line Drive, 9)
Bottom of the 3rd over - 2 run(s), 2 hit(s), 1 error(s), 2 left on base; Jasper 0 - Surrey 4
TOP OF THE 4TH
Jasper Cougars batting - Pitching for Surrey Sinners : LHP Sebastián Cervantes
Batting: RHB Ron Elazar 0-0: Fly out, F9 (Flyball, 9LS)
Batting: LHB António Camacho 0-0: Called Strike
0-1: Ball
1-1: Reached on error, E4 (Groundball, 34)
Batting: RHB Charles Lewis 0-0: Foul Ball, location: 2F
0-1: Swinging Strike
0-2: Ball
1-2: Strikes out swinging
Batting: SHB Rafael Acosta 0-0: Ball
1-0: Called Strike
1-1: Ball
2-1: Swinging Strike
2-2: Foul Ball, location: 2F
2-2: Strikes out swinging
Top of the 4th over - 0 run(s), 0 hit(s), 1 error(s), 1 left on base; Jasper 0 - Surrey 4
BOTTOM OF THE 4TH
Surrey Sinners batting - Pitching for Jasper Cougars : RHP Juan Arreola
Batting: LHB Francisco Chavero 0-0: Ball
1-0: Called Strike
1-1: Foul Ball, location: 2F
1-2: Strikes out swinging
Batting: RHB Clint Younger 0-0: Ball
1-0: SINGLE (Groundball, 6MD)
Batting: LHB Jorge Martínez 0-0: Called Strike
0-1: Fly out, F7 (Flyball, 7)
Batting: LHB Randy Wiggins 0-0: Ball
1-0: Called Strike
1-1: Ball
2-1: Ball
3-1: Fielders Choice at 2nd, 4-6 (Groundball, 34)
Bottom of the 4th over - 0 run(s), 1 hit(s), 0 error(s), 0 left on base; Jasper 0 - Surrey 4
TOP OF THE 5TH
Jasper Cougars batting - Pitching for Surrey Sinners : LHP Sebastián Cervantes
Batting: LHB John Stone 0-0: Called Strike
0-1: Ball
1-1: Foul Ball, location: 2F
1-2: Strikes out swinging
Batting: LHB Jon Scott 0-0: Called Strike
0-1: Ball
1-1: Ball
2-1: Swinging Strike
2-2: Foul Ball, location: 2F
2-2: Foul Ball, location: 2F
2-2: Strikes out swinging
Batting: LHB Jon Rogers 0-0: Ball
1-0: Ball
2-0: Called Strike
2-1: Foul Ball, location: 2F
2-2: Ball
3-2: Ground out 4-3 (Groundball, 4)
Top of the 5th over - 0 run(s), 0 hit(s), 0 error(s), 0 left on base; Jasper 0 - Surrey 4
BOTTOM OF THE 5TH
Surrey Sinners batting - Pitching for Jasper Cougars : RHP Juan Arreola
Batting: LHB Juan Hinojosa 0-0: Ball
1-0: Ball
2-0: Called Strike
2-1: Ground out 1-3 (Groundball, P)
Batting: LHB Iván Espinosa 0-0: Ground out 4-3 (Groundball, 34D)
Batting: LHB José Blanco 0-0: Called Strike
0-1: Called Strike
0-2: Ground out U3 (Groundball, 3)
Bottom of the 5th over - 0 run(s), 0 hit(s), 0 error(s), 0 left on base; Jasper 0 - Surrey 4
TOP OF THE 6TH
Jasper Cougars batting - Pitching for Surrey Sinners : LHP Sebastián Cervantes
Batting: RHB Juan Carlos 0-0: Ball
1-0: Ball
2-0: Ball
3-0: Called Strike
3-1: Foul Ball, location: 2F
3-2: Foul Ball, location: 2F
3-2: Base on Balls
Batting: LHB David Adams 0-0: Fielders Choice at 2nd, 6-4 (Groundball, 6)
Batting: RHB Ron Elazar 0-0: Called Strike
0-1: Ball
1-1: Foul Ball, location: 2F
1-2: Grounds into double play, 4-6-3 (Groundball, 4)
Top of the 6th over - 0 run(s), 0 hit(s), 0 error(s), 0 left on base; Jasper 0 - Surrey 4
BOTTOM OF THE 6TH
Surrey Sinners batting - Pitching for Jasper Cougars : RHP Juan Arreola
Batting: SHB Norberto Muńóz 0-0: Swinging Strike
0-1: Ball
1-1: Ball
2-1: Swinging Strike
2-2: Strikes out swinging
Batting: LHB Robert Atkins 0-0: SINGLE (Line Drive, 4D)
Batting: LHB Francisco Chavero 0-0: Swinging Strike
0-1: Ball
1-1: SINGLE (Line Drive, 6MD)
Robert Atkins to second
Batting: RHB Clint Younger 0-0: Ball
Robert Atkins steals 3rd base
Francisco Chavero to second
1-0: Ball
2-0: Ball
3-0: Called Strike
3-1: Base on Balls
Pitching: LHP Robert Williams
Batting: LHB Jorge Martínez 0-0: Fielders Choice at 2nd, 3-6 (Groundball, 34)
Robert Atkins scores
Francisco Chavero to third
Batting: LHB Randy Wiggins 0-0: Foul Ball, location: 2F
0-1: Foul Ball, location: 2F
0-2: Ball
1-2: Ball
2-2: Ball
3-2: Foul Ball, location: 2F
3-2: Base on Balls
Jorge Martínez to second
Batting: LHB Juan Hinojosa 0-0: Ball
1-0: Ball
2-0: Called Strike
2-1: Swinging Strike
2-2: SINGLE (Groundball, 34D)
Francisco Chavero scores
Jorge Martínez to third
Randy Wiggins to second
Runner from 3rd tries for Home, SAFE, no throw
Batting: LHB Iván Espinosa 0-0: Ball
1-0: Called Strike
1-1: Ball
2-1: Called Strike
2-2: Ball
3-2: Base on Balls
Randy Wiggins to third
Juan Hinojosa to second
Batting: LHB José Blanco 0-0: Called Strike
0-1: Ball
1-1: Swinging Strike
1-2: Strikes out swinging
Bottom of the 6th over - 3 run(s), 3 hit(s), 0 error(s), 3 left on base; Jasper 0 - Surrey 7
TOP OF THE 7TH
Jasper Cougars batting - Pitching for Surrey Sinners : LHP Sebastián Cervantes
Batting: LHB António Camacho 0-0: Ball
1-0: Ball
2-0: Ball
3-0: Called Strike
3-1: Foul Ball, location: 2F
3-2: Base on Balls
Pitching: RHP Doug Spencer
Batting: RHB Charles Lewis 0-0: Fly out, F7 (Line Drive, 7)
Batting: SHB Rafael Acosta 0-0: Ball
1-0: Fly out, F8 (Flyball, 8LXD)
Batting: LHB John Stone 0-0: Ball
António Camacho steals 2nd base
1-0: Foul Ball, location: 2F
1-1: SINGLE (Line Drive, 89S)
António Camacho to third
Runner from 3rd tries for Home, SAFE, no throw
Batting: LHB Jon Scott 0-0: Ball
1-0: SINGLE (Groundball, 4) (infield hit)
John Stone to second
Batting: LHB Jon Rogers 0-0: Ball
1-0: Ball
2-0: Swinging Strike
2-1: Foul Ball, location: 2F
2-2: Ball
3-2: Base on Balls
John Stone to third
Jon Scott to second
Batting: RHB Juan Carlos 0-0: Called Strike
0-1: Foul Ball, location: 2F
0-2: Fielders Choice at 2nd, 6-4 (Groundball, 6)
Top of the 7th over - 1 run(s), 2 hit(s), 0 error(s), 2 left on base; Jasper 1 - Surrey 7
BOTTOM OF THE 7TH
Surrey Sinners batting - Pitching for Jasper Cougars : LHP Robert Williams
Batting: SHB Norberto Muńóz 0-0: Ball
1-0: Ball
2-0: Ball
3-0: Base on Balls
Batting: LHB Robert Atkins 0-0: Ground out U3 (Groundball, 34)
Norberto Muńóz to second
Batting: LHB Francisco Chavero 0-0: Foul Ball, location: 2F
0-1: Foul Ball, location: 2F
0-2: Strikes out swinging
Batting: RHB Clint Younger 0-0: Ball
1-0: Called Strike
1-1: Ground out 5-3 (Groundball, 56)
Bottom of the 7th over - 0 run(s), 0 hit(s), 0 error(s), 1 left on base; Jasper 1 - Surrey 7
TOP OF THE 8TH
Jasper Cougars batting - Pitching for Surrey Sinners : RHP Doug Spencer
Now at C: Pancho Reyna
Now at 2B: Dennis House
Now at SS: Armando Bernard
Batting: LHB David Adams 0-0: Ball
1-0: Ball
2-0: TRIPLE (Flyball, 78D)
Batting: RHB Ron Elazar 0-0: Called Strike
0-1: Ball
1-1: Ball
2-1: Foul Ball, location: 2F
2-2: Ball
3-2: Strikes out swinging
Batting: LHB António Camacho 0-0: SINGLE (Flyball, 89S)
David Adams scores
Batting: RHB Charles Lewis 0-0: Called Strike
0-1: Swinging Strike
0-2: Ball
1-2: Hit by Pitch
António Camacho to second
Pinch Runner at 1st Bob Cole:
Batting: SHB Rafael Acosta 0-0: Called Strike
0-1: Called Strike
0-2: Strikes out swinging
Batting: LHB John Stone 0-0: Ball
1-0: Called Strike
1-1: Foul Ball, location: 2F
1-2: Strikes out swinging
Top of the 8th over - 1 run(s), 2 hit(s), 0 error(s), 2 left on base; Jasper 2 - Surrey 7
BOTTOM OF THE 8TH
Surrey Sinners batting - Pitching for Jasper Cougars : LHP Robert Williams
Now at 3B: Bob Cole
Batting: LHB Jorge Martínez 0-0: Ball
1-0: Fly out, F8 (Line Drive, 8RS)
Batting: LHB Randy Wiggins 0-0: SINGLE (Groundball, 6MD)
Batting: LHB Juan Hinojosa 0-0: Ball
Randy Wiggins steals 2nd base
1-0: Ball
Randy Wiggins steals 3rd base
2-0: Ball
3-0: Base on Balls
Batting: LHB Iván Espinosa 0-0: Ball
1-0: Ball
2-0: Fielders Choice at 2nd, 4-6 (Groundball, 34)
Randy Wiggins scores
Batting: LHB José Blanco 0-0: Foul Ball, location: 2F
0-1: Called Strike
0-2: Ground out 1-3 (Groundball, 13S)
Bottom of the 8th over - 1 run(s), 1 hit(s), 0 error(s), 1 left on base; Jasper 2 - Surrey 8
TOP OF THE 9TH
Jasper Cougars batting - Pitching for Surrey Sinners : RHP Doug Spencer
Batting: LHB Jon Scott 0-0: Called Strike
0-1: SINGLE (Groundball, 34D)
Batting: LHB Jon Rogers 0-0: Called Strike
0-1: Ball
1-1: Swinging Strike
1-2: Ball
2-2: Strikes out swinging
Batting: RHB Juan Carlos 0-0: Ball
Wild Pitch!
Jon Scott to second
1-0: Ground out 6-3 (Groundball, 6)
Batting: LHB David Adams 0-0: Ball
1-0: Called Strike
1-1: Ground out 4-3 (Groundball, 4)
Top of the 9th over - 0 run(s), 1 hit(s), 0 error(s), 1 left on base; Jasper 2 - Surrey 8
Thursday, March 30th, 2017 - OOTP Baseball 17.12 Build 75